 Dungeon Crawl Stone Soup version 0.32-a0-699-g1ee5eff69a (webtiles) character file.

Game seed: 8714415523351361595

215 daodarkstar the Trooper (level 5, 0/42 HPs)
             Began as a Demonspawn Fighter on Mar 13, 2024.
             Constricted to death by a ball python (1 damage)
             ... on level 3 of the Dungeon.
             The game lasted 00:01:17 (1065 turns).

daodarkstar the Trooper (Demonspawn Fighter)        Turns: 1065, Time: 00:01:17

Health: 0/42       AC:  2    Str: 16    XL:     5   Next: 60%
Magic:  5/5        EV:  1    Int:  8    God:
Gold:   31         SH:  0    Dex: 15    Spells: 4/4 levels left

rFire   . . .        (no weapon)
rCold   . . .        (no shield)
rNeg    . . .        (no body armour)
rPois   .            (no helmet)
rElec   .            (no cloak)
rCorr   .            (no gloves)
SInv    .            (no boots)
Will    .....        (no amulet)
Stlth   +            (no ring)
HPRegen 0.27/turn    (no ring)
MPRegen 0.09/turn

%: no passive effects
@: constricted
A: thin metallic scales 1, demonic magic 1, demonic touch 1
a: no special abilities


You were on level 3 of the Dungeon.
You visited 1 branch of the dungeon, and saw 3 of its levels.

You collected 31 gold pieces.

Inventory:

Scrolls
 e - a scroll of enchant armour {unknown}
 g - a scroll of teleportation {unknown}
 h - 3 scrolls of vulnerability {unknown}
Potions
 d - 2 potions of might
 f - 2 potions of berserk rage {unknown}
 i - a potion of curing {unknown}
 j - a potion of heal wounds {unknown}


   Skills:
 * Level 4.1 Fighting
 * Level 3.1 Axes
 + Level 3.3 Armour
 + Level 1.6 Dodging
 + Level 3.2 Shields


You had 4 spell levels left.
You didn't know any spells.
Your spell library was empty.

Dungeon Overview and Level Annotations

Branches:
Dungeon (3/15)

Altars:


Innate Abilities, Weirdness & Mutations

You are partially covered in thin metallic scales. (AC +2)
Spells you cast may paralyse adjacent enemies.
Your touch may inflict minor irresistible damage on your foes.


Message History

There is a stone staircase leading up here.
There are monsters nearby!
Unknown command.
Number of times to repeat, then command key: You must enter the number of times for the command to repeat.
The ball python completely misses you. The ball python bites you.
The quokka closely misses you. The ball python barely misses you.
The ball python grabs you. The ball python constricts you.
The quokka bites you.
The ball python bites you but does no damage.
The ball python constricts you. The quokka bites you.
The ball python bites you. The ball python constricts you.
The quokka bites you. The ball python bites you.
The ball python constricts you. The quokka bites you.
The ball python bites you. The ball python constricts you.
The ball python bites you. The ball python constricts you.
The quokka completely misses you. The quokka bites you.
The ball python bites you. The ball python constricts you.
The quokka bites you.
* * * LOW HITPOINT WARNING * * *
The ball python bites you but does no damage.
The ball python constricts you.
* * * LOW HITPOINT WARNING * * *
The quokka bites you.
* * * LOW HITPOINT WARNING * * *
The ball python bites you but does no damage.
The ball python constricts you.
* * * LOW HITPOINT WARNING * * *
The quokka bites you but does no damage.
The ball python bites you.
* * * LOW HITPOINT WARNING * * *
The ball python constricts you. The quokka bites you.
* * * LOW HITPOINT WARNING * * *
The ball python bites you.
* * * LOW HITPOINT WARNING * * *
The ball python constricts you.
You die...

. ...
.....######
#<..@r.#
#.###S.../..
.......
.......
#######


You could see a quokka and a ball python.

Vanquished Creatures
  Sigmund (D:2)
  Jessica (D:2)
  A dart slug (D:1)
  An orc (D:2)
  2 ball pythons (D:1)
  An endoplasm (D:1)
  2 giant cockroaches (D:2)
  A goblin (D:1)
  2 hobgoblins (D:1)
  2 kobolds (D:2)
  A bat (D:2)
  2 rats (D:1)
17 creatures vanquished.

Notes
Turn   | Place    | Note
-------+----------+-------------------------------------------
     0 | D:1      | daodarkstar the Demonspawn Fighter began the quest for the
                  | Orb.
     0 | D:1      | Reached XP level 1. HP: 18/18 MP: 1/1
    52 | D:1      | Gained mutation: You are partially covered in thin metallic
                  | scales. (AC +2) [demonic ancestry]
    52 | D:1      | Reached XP level 2. HP: 24/24 MP: 2/2
   649 | D:2      | Noticed Jessica
   661 | D:2      | Killed Jessica
   662 | D:2      | Reached XP level 3. HP: 29/29 MP: 3/3
   983 | D:2      | Noticed Sigmund
   992 | D:2      | Killed Sigmund
   993 | D:2      | Reached skill level 4 in Fighting
   993 | D:2      | Reached skill level 1 in Dodging
   993 | D:2      | Gained mutation: Your touch may inflict minor irresistible
                  | damage on your foes. [demonic ancestry]
   993 | D:2      | Reached XP level 4. HP: 24/37 MP: 4/4
   993 | D:2      | Gained mutation: Spells you cast may paralyse adjacent
                  | enemies. [demonic ancestry]
   993 | D:2      | Reached XP level 5. HP: 27/42 MP: 5/5
  1065 | D:3      | HP: 2/42 [quokka (5)]
  1065 | D:3      | Constricted to death by a ball python

Illustrated notes

Levels and vault maps discovered:
D:1:      dpeg_arrival_line_fractal, layout_basic
D:2:      layout_basic, uniq_jessica, uniq_sigmund
D:3:      layout_rooms

Skill      XL: |  1  2  3 |
---------------+----------+-----
Axes           | 2 3 |  3.1
Armour         | 3 |  3.3
Fighting       | 4 |  4.1
Dodging        | 1 |  1.6
Shields        | 3 |  3.2

Action                     |  1- 3 |  4- 6 || total
---------------------------+-------+-------++-------
  Melee: War axe           |    47 |       ||    47
 Armour: Scale mail        |    44 |       ||    44
         Skin              |       |    31 ||    31
  Dodge: Dodged            |    27 |     4 ||    31
  Block: Buckler           |     7 |       ||     7

Table legend: (Time is in decaauts)
 A = Elapsed time spent in this place.
 B = Non-inter-level travel time spent in this place.
 C = Inter-level travel time spent in this place.
 D = Time resting spent in this place.
 E = Time spent auto-exploring this place.
 F = Levels seen in this place.
 G = Mean time per level.
                   A        B        C        D        E       F      G
               +--------+--------+--------+--------+--------+-----+--------+
         Total |   1085 |   1012 |     73 |      0 |    842 |   3 |  361.7 |
       Dungeon |   1085 |   1012 |     73 |      0 |    842 |   3 |  361.7 |
               +--------+--------+--------+--------+--------+-----+--------+

Top non-repeatable levels by time:
     D:1: 549 daAuts
     D:2: 520 daAuts
     D:3: 14 daAuts
